 Dungeon Crawl Stone Soup version 0.20-a0-386-g2d247ea (console) character file.

592471 nht the Wrestler (level 26, -10/399 (403) HPs)
             Began as a Troll Berserker on Dec 26, 2016.
             Was the Champion of Trog.
             Killed by drain life
             ... invoked by a deathcap
             ... summoned by a curse toe
              (17 damage)
             ... on level 1 of the Realm of Zot on Dec 29, 2016.
             The game lasted 02:31:42 (48501 turns).

nht the Wrestler (Troll Berserker)                 Turns: 48501, Time: 02:31:43

HP:   -10/399 (403) AC: 22    Str: 48    XL:     26   Next: 25%
MP:   22/22         EV: 10    Int:  6    God:    Trog [******]
Gold: 4885          SH: 27    Dex: 11    Spells: 25/25 levels left

rFire  + + .     SeeInvis +       - Unarmed
rCold  + . .     Gourm    +     D - quicksilver dragon scales
rNeg   . . .     Faith    .     x - +2 large shield {rPois}
rPois  +         Spirit   .     O - +2 hat {MR+}
rElec  +         Reflect  .     U - +1 cloak of the Endless Expanse {rC+ Str+4 Int+2 Dex+2}
rCorr  +         Harm     .     (gloves unavailable)
MR     +++..                    (boots unavailable)
Stlth  ..........               R - amulet of Pomim {rElec Regen+ SInv}
                                m - ring of resist corrosion
                                B - ring of protection from fire

@: berserking, about to teleport, very quick
A: unfitting armour, claws 3, fire resistance 1, fast metabolism 3, gourmand,
regeneration 1, shaggy fur 1, tough skin 2
}: 3/15 runes: decaying, serpentine, silver
a: Berserk, Trog's Hand, Brothers in Arms, Burn Spellbooks, Renounce Religion


You were on level 1 of the Realm of Zot.
You worshipped Trog.
Trog was exalted by your worship.
You were very full.

You visited 9 branches of the dungeon, and saw 45 of its levels.
You visited the Abyss 3 times.
You also visited: Labyrinth, Trove and Ice Cave.

You collected 6502 gold pieces.
You spent 1617 gold pieces at shops.

Inventory:

Missiles
 f - 54 javelins
 o - 6 throwing nets
 v - 15 exploding tomahawks
 E - 162 large rocks
 G - 13 tomahawks (quivered)
 I - 25 tomahawks of returning
 K - 7 javelins of penetration
 W - 9 poisoned javelins
 Y - 14 poisoned tomahawks
Armour
 x - a +2 large shield of poison resistance (worn)
 D - quicksilver dragon scales (worn)
 O - a +2 hat of magic resistance (worn)
 U - the +1 cloak of the Endless Expanse (worn) {rC+ Str+4 Int+2 Dex+2}
   (You found it on level 9 of the Dungeon)

   It affects your strength (+4).
   It affects your intelligence (+2).
   It affects your dexterity (+2).
   It protects you from cold.
Jewellery
 m - a ring of resist corrosion (right claw)
 r - a +5 amulet of reflection
 B - a ring of protection from fire (left claw)
 H - the ring "Ujodukaimaq" {rElec Stlth+}
   (You took it off a deep elf annihilator on level 3 of the Elven Halls)

   [ring of stealth]

   It insulates you from electricity.
   It makes you more stealthy.
 R - the amulet of Pomim (around neck) {rElec Regen+ SInv}
   (You found it in a labyrinth)

   [amulet of regeneration]

   It insulates you from electricity.
   It lets you see invisible.
   It increases your rate of regeneration.
 X - the ring "Uqoll" {rC+ Int+3}
   (You found it on level 5 of the Vaults)

   [ring of protection from cold]

   It affects your intelligence (+3).
   It protects you from cold.
Wands
 M - a wand of disintegration (5/24)
 P - a wand of digging (5/24)
 Z - a wand of disintegration (13/24)
Scrolls
 c - 19 scrolls of remove curse
 d - 10 scrolls of enchant armour
 e - 12 scrolls of magic mapping
 k - 15 scrolls of teleportation
 s - a scroll of summoning
 u - 11 scrolls of recharging
 w - a scroll of silence
 y - 2 scrolls of fear
 A - 7 scrolls of blinking
 C - 5 scrolls of fog
 S - 10 scrolls of identify
 V - a scroll of holy word
Potions
 a - 5 potions of flight
 i - 7 potions of haste
 j - 26 potions of curing
 n - 10 potions of agility
 q - 9 potions of might
 t - 2 potions of heal wounds
 z - 2 potions of resistance
 J - a potion of ambrosia
 L - 2 potions of invisibility
 N - a potion of cure mutation
 T - 5 potions of cancellation
Comestibles
 b - 19 bread rations
 g - 19 beef jerkies
 h - 2 royal jellies
 l - 23 fruits
 p - 21 meat rations
 F - 4 chunks of flesh
 Q - 12 slices of pizza


   Skills:
 - Level 16.8 Fighting
 * Level 18.0 Throwing
 - Level 14.2 Armour
 - Level 2.4 Dodging
 - Level 15.1 Shields
 * Level 26.1 Unarmed Combat


You had 25 spell levels left.
You didn't know any spells.

Dungeon Overview and Level Annotations

Branches:
Dungeon (15/15)            Temple (0/1) D:7            Lair (6/6) D:11
  Swamp (4/4) Lair:3        Snake (4/4) Lair:3        Slime (0/5) Lair:6
    Orc (2/2) D:11            Elf (3/3) Orc:2        Vaults (5/5) D:14
  Crypt (0/3) Vaults:3     Depths (5/5) D:15            Zot (1/5) Depths:5

Altars:
Ashenzari
Dithmenos
Elyvilon
Fedhas
Gozag
Hepliaklqana
Kikubaaqudgha
Makhleb
Qazlal
Ru
Sif Muna
Trog
Uskayaw
Vehumet
Yredelemnul
Zin

Shops:
D:3 *   D:14 :   D:15 }   Orc:2 ![?[*   Elf:1 }   Snake:4 [[[?   Vaults:2 !
Depths:2 *   Depths:5 }=}

Portals:
Hell: Depths:1 Depths:2 Depths:3 Depths:4 Depths:5
Abyss: Depths:4
Pandemonium: Depths:3
Ziggurat: Depths:1


Innate Abilities, Weirdness & Mutations

You are too large for most types of armour.
You have claws for hands.
Your metabolism is lightning-fast.
You like to eat raw meat.
Your natural rate of healing is unusually fast.
You are covered in fur. (AC +1)
You have very tough skin. (AC +2)
Your flesh is heat resistant. (rF+)


Message History

You miss the black draconian monk.
The black draconian monk is almost dead.
The electric golem blinks!
The curse toe calls on the powers of darkness!
The black draconian stormcaller convulses!
The yellow draconian scorcher convulses!
The moth of wrath convulses!
The green draconian stormcaller convulses!
The green draconian annihilator convulses!
The yellow draconian scorcher convulses!
The moth of wrath convulses!
The green draconian annihilator convulses!
The death drake convulses!
Your body is wracked with pain!
* * * LOW HITPOINT WARNING * * *
You barely miss the black draconian monk.
The black draconian monk is almost dead.
You block the black draconian monk's attack. x3
The wandering mushroom barely misses you.
The deathcap draws from the surrounding life force!
You die... ████████████████████

█......(....█......██████
█...........█...§.......██
█...........█.fffff████..█
█...........'.fffff''''''█
████...██...██ff@f+++++
█████████...██ffqffyq+
..............ffqfXz8§+
...............8kqqqzz+
...............'+'qy$.+
.......███████.'++....+
'██ .......█.....██'+


+++++ '.█ .......'.....█.' '.█ '███...█.......''''''''''.█ You could see 2
electric golems, a tentacled monstrosity, a black draconian monk (berserk), 3
curse toes, 2 draconians, 2 draconians, 2 draconians, a death drake, 5
deathcaps, 2 moths of wrath and 15 wandering mushrooms.

Vanquished Creatures
  2 ancient liches
  3 greater mummies (Depths:3)
  Saint Roka (Snake:2)
  A caustic shrike (Depths:2)
  2 golden dragons
  4 liches
  Jorgrun (Elf:2)
  A Tzitzimitl (Depths:4)
  4 tentacled monstrosities
  A deep elf blademaster (Elf:3)
  4 titans
  4 quicksilver dragons
  2 deep elf master archers (Elf:3)
  A death cob (Zot:1)
  A tentacled starspawn (Abyss:1)
  3 sphinxes
  Gastronok (D:8)
  Frances (D:13)
  8 shadow dragons
  3 thorn hunters
  Donald (Vaults:1)
  A draconian monk (Depths:5)
  4 storm dragons
  7 tengu reavers
  Kirke (D:14)
  11 deep elf sorcerers
  12 nagarajas
  A draconian knight (Zot:1)
  A draconian scorcher (Zot:1)
  Aizul (Snake:2)
  5 fire giants
  A draconian shifter (Depths:5)
  5 frost giants
  An orc warlord (Vaults:5)
  17 vault wardens
  A balrug (Depths:1)
  A ghost moth (Zot:1)
  10 ironheart preservers
  3 deep elf elementalists
  An angel (Abyss:2)
  A draconian stormcaller (Depths:5)
  22 very ugly things
  4 reapers (Depths:4)
  3 entropy weavers
  A war gargoyle (Vaults:1)
  4 vampire knights
  28 stone giants
  Nessos (Lair:4)
  5 deep elf demonologists
  A dire elephant (D:15)
  A green draconian (Depths:5)
  3 black draconians
  Azrael (D:13)
  14 deep elf annihilators (Elf:3)
  2 white draconians (Zot:1)
  A spark wasp (Depths:2)
  A red draconian (Zot:1)
  3 purple draconians (Zot:1)
  3 yellow draconians
  21 ettins
  A blizzard demon (IceCv)
  15 fire dragons
  2 merfolk javelineers
  2 mummy priests (Depths:3)
  17 deep elf death magi
  A minotaur (Lab)
  Josephine (D:10)
  10 deep elf high priests
  Erolcha (D:9)
  5 rakshasas
  6 great orbs of eyes
  14 yaktaur captains
  11 naga warriors
  Fannar (D:10)
  Harold (D:10)
  A hell beast (Depths:3)
  A monstrous demonspawn (Depths:3)
  19 hydras
  A quicksilver dragon skeleton (Depths:4)
  33 vault guards
  8 ice dragons
  2 ghost crabs
  A ghost crab (shapeshifter) (Vaults:5)
  A juggernaut simulacrum (Depths:4)
  2 spriggan air magi
  12 anacondas
  11 ogre magi
  A death knight (Vaults:5)
  10 alligators
  10 centaur warriors
  26 dancing weapons
  2 orc high priests (Orc:2)
  2 vampire magi
  16 deep troll shamans
  9 death yaks
  13 deep troll earth magi
  32 two-headed ogres
  Urug (Orc:1)
  A thrashing horror (Abyss:2)
  5 tengu warriors
  A titan zombie (Depths:4)
  Sonja (D:10)
  15 naga sharpshooters
  7 spriggan berserkers
  A titan skeleton (Depths:4)
  7 shock serpents
  Nergalle (Lair:4)
  18 deep elf knights
  5 hell knights
  3 soul eaters (Depths:4)
  5 spriggans
  10 iron trolls
  2 sun demons (Depths:1)
  3 storm dragon zombies (Depths:4)
  A shadow wraith (Vaults:4)
  A golden dragon zombie (Depths:4)
  2 unseen horrors
  The ghost of nht the Quickloader, a novice MiHu of Okawaru (D:7)
  A sea snake (shapeshifter) (Depths:2)
  2 wretched stars
  A sixfirhy (Abyss:2)
  37 deep trolls
  An unseen horror (shapeshifter) (Vaults:3)
  A torturous demonspawn (Depths:3)
  A spark wasp zombie (Depths:4)
  4 glowing orange brains
  8 wizards
  7 deep elf archers
  A quicksilver dragon simulacrum (Depths:4)
  17 swamp dragons
  A spriggan druid (Swamp:4)
  A tengu zombie (Depths:4)
  2 flayed ghosts
  7 naga ritualists
  2 shambling mangroves (Swamp:4)
  4 phantasmal warriors
  15 orc knights
  2 death drakes (Abyss:2)
  A lindwurm (shapeshifter) (Vaults:1)
  8 large abominations
  10 harpies
  20 ironbrand convokers
  Pikel (D:4)
  46 deep elf magi
  9 necromancers
  A fire giant zombie (Depths:4)
  2 orb spiders (shapeshifter)
  6 wolf spiders
  44 ugly things
  A sphinx zombie (Depths:4)
  8 mana vipers
  2 tengu skeletons (Depths:4)
  2 orc sorcerers
  An iron dragon zombie (Depths:4)
  15 slime creatures
  6 cyclopes
  3 manticores
  An iron dragon skeleton (Depths:4)
  A stone giant skeleton (Vaults:1)
  3 moths of wrath (Zot:1)
  10 salamanders
  12 vault sentinels
  A fire giant skeleton (Depths:4)
  A frost giant skeleton (Depths:4)
  A spriggan zombie (Depths:4)
  3 elephants (Lair:2)
  Joseph (D:10)
  An orange demon (Abyss:2)
  6 guardian serpents
  2 centaur skeletons
  44 black mambas
  3 smoke demons
  2 ice statues (IceCv)
  23 spiny frogs
  34 naga magi
  A hellion (Depths:2)
  An efreet (D:15)
  13 ice devils (IceCv)
  2 rime drakes
  5 tengu conjurers
  4 komodo dragons
  A hellwing (Depths:2)
  3 human skeletons
  67 yaktaurs
  A yaktaur skeleton (Vaults:1)
  7 freezing wraiths
  A queen bee (shapeshifter) (Vaults:4)
  9 trolls
  2 polar bears
  2 hornets (shapeshifter)
  A polar bear (shapeshifter) (Vaults:3)
  Grinder (D:4)
  2 ancient zymes (Abyss:2)
  7 hippogriffs
  5 tyrant leeches
  Prince Ribbit (D:8)
  12 hornets
  2 harpy skeletons
  A sphinx simulacrum (Depths:4)
  A slime creature (shapeshifter) (Vaults:5)
  3 bog bodies
  12 blink frogs
  2 raiju (shapeshifter)
  5 dream sheep (Lair:6)
  2 human simulacra (Vaults:1)
  A flying skull (Abyss:2)
  6 air elementals
  A centaur simulacrum (D:14)
  5 redbacks
  33 yaks
  3 ynoxinuls
  6 starcursed masses (Abyss:2)
  Sigmund (D:6)
  4 shadows
  2 spriggan simulacra (Depths:4)
  8 water elementals
  3 wraiths (D:10)
  5 fire elementals
  14 wyverns
  A steam dragon (Lair:3)
  18 humans (D:14)
  Menkaure (D:6)
  3 basilisks
  12 vampire mosquitoes
  2 hungry ghosts
  A yaktaur simulacrum (Vaults:1)
  Grum (D:10)
  3 elf skeletons (Depths:4)
  A warg (shapeshifter) (Depths:5)
  45 nagas
  2 soldier ants (shapeshifter)
  16 insubstantial wisps
  A swamp worm (shapeshifter) (Depths:3)
  17 swamp worms
  An acid dragon (D:13)
  20 water moccasins
  A floating eye (Depths:2)
  6 wargs
  Duvessa (D:5)
  4 hell hounds
  8 porcupines
  37 orc warriors
  13 swamp drakes
  A floating eye (shapeshifter) (Vaults:3)
  7 phantoms
  A sky beast (D:7)
  A snapping turtle zombie (Abyss:2)
  A black bear (D:9)
  3 ice beasts
  An elf zombie (Vaults:1)
  An elf simulacrum (Depths:4)
  A hornet zombie (D:14)
  24 ogres
  3 eyes of draining
  6 boggarts
  7 wolves
  9 centaurs
  15 crocodiles
  A human zombie (Vaults:1)
  4 big kobolds
  7 small abominations
  20 bullfrogs
  A wyvern zombie (D:11)
  5 earth elementals
  A gnoll sergeant (D:3)
  2 glowing shapeshifter simulacra
  Dowan (D:5)
  8 scorpions
  18 wights
  8 howler monkeys
  11 crimson imps
  4 centaur zombies
  3 jellies
  A quasit (Abyss:2)
  22 orc priests
  6 hounds
  3 bullfrog zombies
  3 gnoll shamans
  26 orc wizards
  6 worker ants
  A hound zombie (D:6)
  3 hound skeletons
  A worker ant zombie (D:7)
  38 gnolls
  13 adders
  4 shadow imps
  7 white imps (IceCv)
  8 ufetubi
  An ooze (D:4)
  An adder zombie (D:6)
  An adder skeleton (D:7)
  3 worms
  3 dart slugs
  6 leopard geckos
  109 orcs
  6 giant cockroaches
  31 goblins
  33 hobgoblins
  10 jackals
  14 kobolds
  3 quokkas
  A ball python (D:2)
  12 bats
  5 frilled lizards
  12 rats
  3 briar patches
  2 crawling corpses (Elf:3)
  A starspawn tentacle (Abyss:1)
2152 creatures vanquished.

Vanquished Creatures (collateral kills)
  Jory (Vaults:4)
  A nagaraja (Snake:4)
  A frost giant (Vaults:4)
  A green draconian (Depths:5)
  A black draconian (Depths:5)
  3 naga warriors (Snake:4)
  A hydra (Swamp:4)
  An orc high priest (Orc:2)
  A naga sharpshooter (Snake:4)
  A spriggan (Swamp:4)
  A deep troll (Vaults:1)
  A naga ritualist (Snake:4)
  A necromancer (Vaults:1)
  3 orc knights (Orc:2)
  2 orc sorcerers (Orc:2)
  2 worldbinders (Abyss:2)
  2 naga magi (Snake:4)
  A black mamba (Snake:4)
  A guardian serpent (Abyss:2)
  A yaktaur (Vaults:1)
  A troll (D:10)
  2 hornets (Swamp:4)
  5 starcursed masses (Abyss:2)
  9 nagas (Snake:4)
  2 large abominations (Abyss:2)
  5 orc warriors (Orc:2)
  2 orc priests (Orc:2)
  3 orc wizards (Orc:2)
  A hound skeleton (D:10)
  3 orcs
60 creatures vanquished.

Vanquished Creatures (others)
  3 humans (D:14)
  A swamp worm (Swamp:4)
  A hound skeleton (D:4)
  2 white imps (IceCv)
  2 ufetubi (IceCv)
  A goblin (D:4)
  A briar patch (Swamp:4)
  7 fungi (Lair:6)
  3 plants
  A starspawn tentacle (Abyss:1)
22 creatures vanquished.

Grand Total: 2234 creatures vanquished

Notes
Turn   | Place    | Note
-------+----------+-------------------------------------------
     0 | D:1      | nht the Troll Berserker began the quest for the Orb.
     0 | D:1      | Reached XP level 1. HP: 22/22 MP: 0/0
   114 | D:1      | Reached XP level 2. HP: 28/29 MP: 1/1
   799 | D:2      | Reached skill level 4 in Unarmed Combat
   941 | D:2      | Reached XP level 3. HP: 36/36 MP: 2/2
   951 | D:2      | Found a hide-covered altar of Uskayaw.
  1045 | D:2      | Found a basalt altar of Yredelemnul.
  1045 | D:2      | Found a stormy altar of Qazlal.
  1141 | D:2      | Reached ** piety under Trog
  1178 | D:2      | Found a deep blue altar of Sif Muna.
  1259 | D:2      | Found a burning altar of Makhleb.
  1381 | D:2      | Found a hazy altar of Hepliaklqana.
  1394 | D:2      | Reached skill level 5 in Unarmed Combat
  1394 | D:2      | Reached XP level 4. HP: 11/44 MP: 3/3
  1548 | D:3      | Found a faded altar of an unknown god.
  1684 | D:4      | Reached XP level 5. HP: 37/50 MP: 4/4
  1739 | D:4      | Found a white marble altar of Elyvilon.
  1778 | D:4      | Reached skill level 6 in Unarmed Combat
  1832 | D:4      | Noticed an ogre
  1838 | D:4      | Killed an ogre
  1838 | D:4      | Reached skill level 7 in Unarmed Combat
  1838 | D:4      | Reached XP level 6. HP: 59/59 MP: 5/5
  1972 | D:4      | Noticed Pikel
  1972 | D:4      | Noticed a slave
  1972 | D:4      | Noticed a slave
  1974 | D:4      | Noticed a slave
  1975 | D:4      | Noticed a slave
  1977 | D:4      | Killed Pikel
  1977 | D:4      | Reached skill level 9 in Unarmed Combat
  1977 | D:4      | Reached XP level 7. HP: 66/66 MP: 6/6
  2059 | D:4      | Reached *** piety under Trog
  2185 | D:3      | Found a blossoming altar of Fedhas.
  2387 | D:3      | Reached XP level 8. HP: 74/74 MP: 7/7
  2415 | D:3      | Reached skill level 10 in Unarmed Combat
  2490 | D:3      | Found Zin's Purification Station.
  2495 | D:3      | Found a glowing silver altar of Zin.
  2939 | D:4      | Reached **** piety under Trog
  3021 | D:4      | Noticed Grinder
  3028 | D:4      | Paralysed by Grinder for 5 turns
  3039 | D:4      | Killed Grinder
  3039 | D:4      | Reached skill level 11 in Unarmed Combat
  3523 | D:5      | Entered Level 5 of the Dungeon
  3651 | D:5      | Noticed Duvessa
  3651 | D:5      | Noticed Dowan
  3660 | D:5      | Killed Duvessa
  3673 | D:5      | Killed Dowan
  3840 | D:5      | Reached XP level 9. HP: 49/80 MP: 8/8
  3851 | D:5      | Reached skill level 12 in Unarmed Combat
  4258 | D:6      | Noticed Sigmund
  4265 | D:6      | Killed Sigmund
  4355 | D:6      | Reached ***** piety under Trog
  4587 | D:6      | Found a radiant altar of Vehumet.
  4614 | D:6      | Reached skill level 13 in Unarmed Combat
  4632 | D:6      | Noticed Menkaure
  4721 | D:6      | Reached skill level 1 in Throwing
  4728 | D:6      | Killed Menkaure
  5129 | D:7      | Noticed nht's ghost (novice MiHu)
  5143 | D:7      | Killed nht's ghost
  5143 | D:7      | Reached XP level 10. HP: 35/92 MP: 9/9
  5424 | D:7      | Found a staircase to the Ecumenical Temple.
  5799 | D:7      | Received a gift from Trog
  6053 | D:8      | Noticed Prince Ribbit
  6063 | D:8      | Killed Prince Ribbit
  6065 | D:8      | Noticed a two-headed ogre
  6073 | D:8      | Killed a two-headed ogre
  6073 | D:8      | Reached skill level 5 in Fighting
  6113 | D:8      | Noticed Gastronok
  6120 | D:8      | Killed Gastronok
  6120 | D:8      | Reached skill level 5 in Throwing
  6120 | D:8      | Reached skill level 14 in Unarmed Combat
  6120 | D:8      | Reached XP level 11. HP: 105/105 MP: 10/10
  6872 | D:9      | Noticed Erolcha
  6879 | D:9      | Killed Erolcha
  6879 | D:9      | Reached ****** piety under Trog
  7154 | D:9      | Noticed a two-headed ogre
  7159 | D:9      | Killed a two-headed ogre
  7240 | D:9      | Found an opulent altar of Gozag.
  7305 | D:9      | Got an ichor-stained cloak
  7316 | D:9      | Identified the +1 cloak of the Endless Expanse {rC+ Str+4 Int+2 Dex+2} (You found it on level 9 of the Dungeon)
  7803 | D:10     | Entered Level 10 of the Dungeon
  7820 | D:10     | Noticed Joseph
  7832 | D:10     | Killed Joseph
  7874 | D:10     | Noticed Harold
  7894 | D:10     | Noticed Sonja
  7903 | D:10     | Cast into level 2 of the Abyss (Sonja)
  7903 | Abyss:2  | Found a corrupted altar of Lugonu.
  7943 | Abyss:2  | Noticed a death drake
  7951 | Abyss:2  | Killed a death drake
  7953 | Abyss:2  | Noticed a starcursed mass
  7959 | Abyss:2  | Killed a starcursed mass
  7962 | Abyss:2  | Killed a starcursed mass
  7965 | Abyss:2  | Received a gift from Trog
  7968 | Abyss:2  | Killed a starcursed mass
  8091 | Abyss:2  | Noticed a large abomination
  8098 | Abyss:2  | Killed a large abomination
  8142 | Abyss:2  | Noticed a wretched star
  8148 | D:10     | Escaped the Abyss
  8160 | D:10     | Killed a wretched star
  8251 | D:10     | Cast into level 2 of the Abyss (Sonja)
  8285 | Abyss:2  | Reached skill level 15 in Unarmed Combat
  8300 | Abyss:2  | Noticed a glowing orange brain
  8305 | Abyss:2  | Noticed a large abomination
  8307 | Abyss:2  | Noticed a death drake
  8307 | Abyss:2  | Killed a glowing orange brain
  8307 | Abyss:2  | Reached XP level 12. HP: 95/107 MP: 8/11
  8312 | Abyss:2  | Noticed a starcursed mass
  8413 | Abyss:2  | Noticed an angel
  8426 | Abyss:2  | Killed an angel
  8493 | Abyss:2  | Noticed a deep elf elementalist
  8497 | Abyss:2  | Killed a deep elf elementalist
  8615 | D:10     | Escaped the Abyss
  8620 | D:10     | Killed Sonja
  8622 | D:10     | Killed Harold
  8740 | D:10     | Noticed Josephine
  8757 | D:10     | Killed Josephine
  8916 | D:10     | Received a gift from Trog
  8955 | D:10     | Noticed Fannar
  8960 | D:10     | Killed Fannar
  9248 | D:10     | Noticed a two-headed ogre
  9251 | D:10     | Noticed Grum
  9253 | D:10     | Killed a two-headed ogre
  9255 | D:10     | Reached XP level 13. HP: 117/131 MP: 6/12
  9259 | D:10     | Killed Grum
  9328 | D:11     | Reached skill level 16 in Unarmed Combat
  9604 | D:11     | Received a gift from Trog
  9961 | D:11     | Found a staircase to the Lair.
 10060 | D:11     | Received a gift from Trog
 10224 | D:11     | Found a staircase to the Orcish Mines.
 10466 | D:11     | Found a portal to a secret trove of treasure.
 10549 | D:12     | Identified a scroll of acquirement
 10559 | D:12     | Reached skill level 10 in Throwing
 11223 | D:13     | Noticed Frances
 11234 | D:13     | Killed Frances
 11244 | D:13     | Got a fine robe
 11480 | D:13     | Reached skill level 1 in Armour
 11738 | D:13     | Noticed Azrael
 11758 | D:13     | Killed Azrael
 11758 | D:13     | Reached skill level 10 in Fighting
 12266 | Lair:1   | Entered Level 1 of the Lair of Beasts
 12439 | Lair:1   | Reached skill level 17 in Unarmed Combat
 12588 | Lair:1   | Received a gift from Trog
 13038 | Lair:2   | Reached XP level 14. HP: 144/144 MP: 13/13
 13846 | Lair:3   | Found a staircase to the Swamp.
 14396 | Lair:3   | Found a staircase to the Snake Pit.
 14788 | Lair:4   | Received a gift from Trog
 14925 | Lair:4   | Noticed Nessos
 14929 | Lair:4   | Killed Nessos
 15004 | Lair:4   | Noticed Nergalle
 15012 | Lair:4   | Killed Nergalle
 16085 | Lair:6   | Entered Level 6 of the Lair of Beasts
 16237 | Lair:6   | Reached skill level 18 in Unarmed Combat
 16326 | Lair:6   | Found a staircase to the Slime Pits.
 16587 | Lair:6   | Reached skill level 5 in Armour
 16689 | Lair:6   | Paralysed by a hornet for 3 turns
 16704 | Lair:6   | Received a gift from Trog
 16745 | Lair:6   | Reached XP level 15. HP: 113/153 MP: 11/14
 17258 | D:11     | Received a gift from Trog
 17282 | Orc:1    | Entered Level 1 of the Orcish Mines
 17704 | Orc:1    | Noticed Urug
 17711 | Orc:1    | Killed Urug
 17847 | Orc:2    | Entered Level 2 of the Orcish Mines
 17985 | Orc:2    | Found Qer Own's Armour Emporium.
 17985 | Orc:2    | Found Nyazun's Distillery.
 18251 | Orc:2    | Found a staircase to the Elven Halls.
 18304 | Orc:2    | Found Qytepif's General Store.
 18604 | Orc:2    | Found Naohishuac's Antique Armour Boutique.
 18604 | Orc:2    | Found Iromusho's Magic Scroll Emporium.
 18681 | Orc:2    | Bought a scroll of teleportation for 39 gold pieces
 18681 | Orc:2    | Bought a potion of curing for 39 gold pieces
 18681 | Orc:2    | Bought a scroll of teleportation for 39 gold pieces
 18747 | Orc:2    | Bought 2 potions of haste for 280 gold pieces
 18747 | Orc:2    | Bought a potion of curing for 42 gold pieces
 18747 | Orc:2    | Bought a potion of heal wounds for 70 gold pieces
 18750 | Orc:2    | Bought a scroll of teleportation for 45 gold pieces
 18750 | Orc:2    | Bought a scroll of magic mapping for 52 gold pieces
 18750 | Orc:2    | Bought a scroll of magic mapping for 52 gold pieces
 18750 | Orc:2    | Bought a scroll of teleportation for 45 gold pieces
 18959 | D:14     | Received a gift from Trog
 19058 | D:14     | Noticed Kirke
 19080 | D:14     | Killed Kirke
 19365 | D:14     | Found a gate to the Vaults.
 19674 | D:14     | Found Eneipibb's Book Emporium.
 19812 | D:15     | Entered Level 15 of the Dungeon
 19841 | D:15     | Found a labyrinth entrance.
 19846 | Lab      | Entered a labyrinth
 20044 | Lab      | Reached skill level 19 in Unarmed Combat
 20047 | Lab      | Identified the Catalogue of the Lucky Birds
 20048 | Lab      | Got a brightly glowing ivory amulet
 20053 | Lab      | Identified the amulet of Pomim {rElec Regen+ SInv} (You found it in a labyrinth)
 20062 | Lab      | Received a gift from Trog
 20066 | Lab      | Identified the +4 shield "Xumosol" {rF+ Str+3 Dex+4} (You found it in a labyrinth)
 20077 | Lab      | Identified the cursed +1 robe of the Desolation of Salt {rF+ rC- Dex+2} (You found it on level 13 of the Dungeon)
 20095 | Lab      | Identified a +2 rod of ignition (10/10) (You found it in a labyrinth)
 20123 | D:15     | Found Ucrosex's Gadget Boutique.
 20233 | D:15     | Reached skill level 1 in Shields
 20329 | D:15     | Found a staircase to the Depths.
 20476 | D:15     | Found a shattered altar of Ashenzari.
 20617 | D:15     | Found a sacrificial altar of Ru.
 20955 | Snake:1  | Entered Level 1 of the Snake Pit
 21058 | Snake:1  | Received a gift from Trog
 21058 | Snake:1  | Reached skill level 5 in Shields
 21085 | Snake:1  | Found a frozen archway.
 21089 | IceCv    | Entered an ice cave
 21140 | IceCv    | Reached XP level 16. HP: 163/163 MP: 15/15
 21563 | Snake:1  | Found a bloodstained altar of Trog.
 22218 | Snake:1  | Received a gift from Trog
 22474 | Snake:2  | Noticed Saint Roka
 22517 | Snake:2  | Killed Saint Roka
 22715 | Snake:2  | Received a gift from Trog
 22734 | Snake:2  | Noticed Aizul
 22751 | Snake:2  | Killed Aizul
 22805 | Snake:2  | HP: 10/247 [naga sharpshooter/arrow (9)]
 22809 | Snake:2  | HP: 3/165 [naga sharpshooter/arrow (5)]
 23286 | Snake:2  | Received a gift from Trog
 23597 | Snake:3  | Reached XP level 17. HP: 153/172 MP: 16/16
 24540 | Snake:4  | Entered Level 4 of the Snake Pit
 24600 | Snake:4  | Received a gift from Trog
 24657 | Snake:4  | Found Bouv Mav's Magic Scroll Boutique.
 24660 | Snake:4  | Found Jupufil's Antique Armour Boutique.
 24660 | Snake:4  | Found Reonuid's Armour Shop.
 24663 | Snake:4  | Found Aguugg's Antique Armour Shop.
 24675 | Snake:4  | Bought a glowing large shield for 294 gold pieces
 25159 | Snake:4  | Reached skill level 20 in Unarmed Combat
 25210 | Snake:4  | Received a gift from Trog
 25530 | Snake:4  | Got a serpentine rune of Zot
 25644 | Snake:4  | Bought a scroll of teleportation for 42 gold pieces
 25644 | Snake:4  | Bought a scroll of torment for 105 gold pieces
 25644 | Snake:4  | Bought a scroll of enchant armour for 105 gold pieces
 25644 | Snake:4  | Bought a scroll of magic mapping for 49 gold pieces
 25790 | Swamp:1  | Entered Level 1 of the Swamp
 26184 | Swamp:1  | Reached XP level 18. HP: 175/183 MP: 17/17
 26213 | Swamp:1  | Received a gift from Trog
 27426 | Swamp:3  | Reached skill level 10 in Shields
 27812 | Swamp:4  | Entered Level 4 of the Swamp
 27906 | Swamp:4  | Received a gift from Trog
 28041 | Swamp:4  | Received a gift from Trog
 28076 | Swamp:4  | Got a decaying rune of Zot
 28310 | Swamp:4  | Received a gift from Trog
 28348 | Swamp:4  | Received a gift from Trog
 28969 | Vaults:1 | Entered Level 1 of the Vaults
 28969 | Vaults:1 | Noticed Donald
 28985 | Vaults:1 | Killed Donald
 29201 | Vaults:1 | Received a gift from Trog
 29229 | Vaults:1 | Cast into level 1 of the Abyss (orc knight)
 29231 | Abyss:1  | Noticed an ancient lich
 29246 | Abyss:1  | Killed an ancient lich
 29246 | Abyss:1  | Reached skill level 21 in Unarmed Combat
 29314 | Abyss:1  | Found a stormy altar of Qazlal.
 29402 | Vaults:1 | Escaped the Abyss
 29416 | Vaults:1 | Reached XP level 19. HP: 84/193 MP: 18/18
 29783 | Vaults:1 | Received a gift from Trog
 30002 | Vaults:1 | Received a gift from Trog
 30082 | Vaults:1 | Received a gift from Trog
 30693 | Vaults:2 | HP: 9/195 [deep troll[an ironheart preserver] (7)]
 31047 | Vaults:2 | Received a gift from Trog
 31237 | Vaults:2 | Found Maiz's Distillery.
 31246 | Vaults:2 | Bought a potion of curing for 33 gold pieces
 31246 | Vaults:2 | Bought a potion of curing for 33 gold pieces
 31246 | Vaults:2 | Bought a potion of haste for 110 gold pieces
 31246 | Vaults:2 | Bought a potion of agility for 44 gold pieces
 31246 | Vaults:2 | Bought a potion of heal wounds for 55 gold pieces
 31246 | Vaults:2 | Bought a potion of agility for 44 gold pieces
 31569 | Vaults:2 | Reached skill level 10 in Armour
 32105 | Vaults:3 | Reached XP level 20. HP: 190/205 MP: 19/19
 32248 | Vaults:3 | Reached skill level 22 in Unarmed Combat
 32256 | Vaults:3 | Received a gift from Trog
 32760 | Vaults:3 | Found a staircase to the Crypt.
 32760 | Vaults:3 | Found a basalt altar of Yredelemnul.
 32761 | Vaults:3 | Found an ancient bone altar of Kikubaaqudgha.
 32882 | Vaults:3 | Received a gift from Trog
 33164 | Vaults:4 | Noticed Jory
 33178 | Vaults:4 | Killed Jory
 33212 | Vaults:4 | Reached skill level 15 in Throwing
 34067 | Vaults:4 | Received a gift from Trog
 34286 | Vaults:4 | Received a gift from Trog
 34761 | D:15     | Reached XP level 21. HP: 214/214 MP: 20/20
 34801 | Depths:1 | Entered Level 1 of the Depths
 34933 | Depths:1 | Found a shadowy altar of Dithmenos.
 34982 | Depths:1 | Found a gateway to Hell.
 35081 | Depths:1 | Received a gift from Trog
 35214 | Depths:1 | Found a gateway to a ziggurat.
 35451 | Depths:2 | Received a gift from Trog
 35467 | Depths:2 | Paralysed by a floating eye for 2 turns
 35489 | Depths:2 | Reached skill level 23 in Unarmed Combat
 35500 | Depths:2 | Received a gift from Trog
 35711 | Depths:2 | Found Doph's General Store.
 36000 | Depths:2 | Gained mutation: Your flesh is heat resistant. (rF+) [potion of beneficial mutation]
 36165 | Depths:2 | Received a gift from Trog
 36419 | Depths:2 | Noticed a caustic shrike
 36428 | Depths:2 | Killed a caustic shrike
 36794 | Depths:2 | Upgraded the game from 0.20-a0-351-gc9b4002 to 0.20-a0-369-g71b9d6e
 36995 | Depths:3 | Found a one-way gate leading to the halls of Pandemonium.
 37246 | Depths:3 | Reached XP level 22. HP: 184/226 MP: 21/21
 37392 | Depths:3 | Noticed a greater mummy
 37400 | Depths:3 | Killed a greater mummy
 37658 | Depths:3 | Noticed a greater mummy
 37668 | Depths:3 | Killed a greater mummy
 37668 | Depths:3 | Received a gift from Trog
 37670 | Depths:3 | Noticed a greater mummy
 37679 | Depths:3 | Killed a greater mummy
 37679 | Depths:3 | Reached skill level 15 in Fighting
 38080 | Depths:4 | Received a gift from Trog
 38163 | Depths:4 | Found an ancient bone altar of Kikubaaqudgha.
 38163 | Depths:4 | Noticed an ancient lich
 38175 | Depths:4 | Killed an ancient lich
 38746 | Depths:4 | HP: 15/336 [drowned by a water elemental (4)]
 39010 | Depths:4 | Found a one-way gate to the infinite horrors of the Abyss.
 39036 | Depths:4 | Received a gift from Trog
 39197 | Depths:4 | Reached skill level 24 in Unarmed Combat
 39306 | Depths:4 | Received a gift from Trog
 39654 | Depths:5 | Entered Level 5 of the Depths
 39783 | Depths:5 | Found a gate to the Realm of Zot.
 39783 | Depths:5 | Noticed a golden dragon
 39797 | Depths:5 | Killed a golden dragon
 39857 | Depths:5 | Received a gift from Trog
 39880 | Depths:5 | Reached XP level 23. HP: 165/233 MP: 22/22
 40075 | Depths:5 | Found Bocha's Gadget Boutique.
 40075 | Depths:5 | Found Murche Ynuwys's Jewellery Emporium.
 40076 | Depths:5 | Found Tyusomag's Gadget Boutique.
 40099 | Depths:5 | Received a gift from Trog
 40999 | D:11     | You paid a toll of 2 scrolls of acquirement to enter a treasure trove
 41000 | Trove    | Entered a treasure trove
 41020 | Trove    | Got a steaming golden ring
 41078 | Trove    | Identified the ring "Ziywureogas" {rElec MR- AC+3 Slay+5 SInv} (You found it in a treasure trove)
 41096 | D:11     | Reached XP level 24. HP: 244/244 MP: 22/22
 41200 | Elf:1    | Entered Level 1 of the Elven Halls
 41213 | Elf:1    | Found Cigeel's Gadget Shoppe.
 41213 | Elf:1    | Found a deep blue altar of Sif Muna.
 41434 | Elf:1    | Received a gift from Trog
 41439 | Elf:1    | Found an ancient bone altar of Kikubaaqudgha.
 42376 | Elf:2    | Found a runed gate.
 42376 | Elf:2    | Found a runed gate.
 42386 | Elf:2    | Found a runed gate.
 42767 | Elf:2    | Received a gift from Trog
 42889 | Elf:2    | Noticed Jorgrun
 43077 | Elf:2    | Killed Jorgrun
 43311 | Elf:3    | Entered Level 3 of the Elven Halls
 43732 | Elf:3    | Received a gift from Trog
 43968 | Elf:3    | Reached skill level 25 in Unarmed Combat
 44313 | Elf:3    | Received a gift from Trog
 44361 | Elf:3    | Reached XP level 25. HP: 118/253 MP: 22/22
 44611 | Elf:3    | Received a gift from Trog
 44740 | Elf:3    | Got a smoking iron ring
 44741 | Elf:3    | Identified the ring "Ujodukaimaq" {rElec Stlth+} (You took it off a deep elf annihilator on level 3 of the Elven Halls)
 45218 | Vaults:1 | Received a gift from Trog
 45309 | Vaults:5 | Entered Level 5 of the Vaults
 45518 | Vaults:4 | Received a gift from Trog
 45774 | Vaults:4 | Received a gift from Trog
 46319 | Vaults:5 | Received a gift from Trog
 46330 | Vaults:5 | Got a silver rune of Zot
 46540 | Vaults:5 | Received a gift from Trog
 46646 | Vaults:5 | Got a transparent turquoise ring
 46666 | Vaults:5 | Identified the ring "Uqoll" {rC+ Int+3} (You found it on level 5 of the Vaults)
 46954 | Vaults:5 | Reached XP level 26. HP: 259/264 MP: 22/22
 47160 | Vaults:5 | Reached skill level 15 in Shields
 47609 | Zot:1    | Entered Level 1 of the Realm of Zot
 47617 | Zot:1    | Reached skill level 26 in Unarmed Combat
 47900 | Zot:1    | Found a huge runed gate.
 47900 | Zot:1    | Found a huge runed gate.
 47900 | Zot:1    | Found a huge runed gate.
 47900 | Zot:1    | Found a huge runed gate.
 47900 | Zot:1    | Found a huge runed gate.
 47901 | Zot:1    | Found a huge runed gate.
 47908 | Zot:1    | Found a huge runed gate.
 47908 | Zot:1    | Found a huge runed gate.
 47910 | Zot:1    | Found a huge runed gate.
 47910 | Zot:1    | Found a huge runed gate.
 47910 | Zot:1    | Found a huge runed gate.
 47910 | Zot:1    | Found a huge runed gate.
 47918 | Zot:1    | Found a huge runed gate.
 47919 | Zot:1    | Found a huge runed gate.
 47920 | Zot:1    | Found a huge runed gate.
 47941 | Zot:1    | Found a huge runed gate.
 47941 | Zot:1    | Found a huge runed gate.
 47947 | Zot:1    | Found a huge runed gate.
 47947 | Zot:1    | Found a huge runed gate.
 47947 | Zot:1    | Found a huge runed gate.
 47947 | Zot:1    | Found a huge runed gate.
 47947 | Zot:1    | Found a huge runed gate.
 47947 | Zot:1    | Found a huge runed gate.
 47948 | Zot:1    | Found a huge runed gate.
 47949 | Zot:1    | Found a huge runed gate.
 47950 | Zot:1    | Found a huge runed gate.
 47958 | Zot:1    | Found a huge runed gate.
 47958 | Zot:1    | Found a huge runed gate.
 47958 | Zot:1    | Found a huge runed gate.
 48201 | Zot:1    | Received a gift from Trog
 48496 | Zot:1    | HP: 13/399 [deathcap[a curse toe] (20)]
 48500 | Zot:1    | Upgraded the game from 0.20-a0-369-g71b9d6e to 0.20-a0-386-g2d247ea
 48500 | Zot:1    | HP: 6/399 [??? (3)]
 48501 | Zot:1    | Killed from afar by a deathcap

Vault maps used:
D:1:      erik_arrival_blinker_ship, st_stairs_5, minmay_misc_feat_roman,
          minivault_25
D:2:      overflow_temple_1_default, marbit_many_paths, lemuel_crystal_altar,
          led_sif_pool, minitemple, hex_medium, kennysheep_generic_room_10
D:3:      zin_purify, lemuel_doored_altar, first_bread,
          chequers_ecumenical_altar_simple_redux
D:4:      minmay_goblin_kobold_castle, elyvilon_altar_4, uniq_pikel,
          uniq_grinder
D:5:      minivault_24, uniq_duvessa
D:6:      vehumet_crystals, kennysheep_opposing_triangles, uniq_menkaure,
          uniq_sigmund
D:8:      uniq_gastronok, uniq_prince_ribbit1
D:9:      nicolae_gozag_cash_rules_everything_around_me, uniq_erolcha
D:10:     uniq_harold, uniq_fannar, uniq_josephine, uniq_joseph, uniq_sonja,
          uniq_grum
D:11:     lair_entry_dummy, erik_orc_2, nicolae_trove_entry_diagonal
D:13:     uniq_frances, uniq_azrael
D:14:     grunt_vaults_entry_tiered, serial_shops, shop, uniq_kirke
D:15:     hangedman_depths_entry_try_elsewhere_first, nicolae_ru_awakened_eye,
          serial_shops, shop_coins, lab_entry_generic,
          minmay_misc_feat_more_columns, ashenzari_altar_1
Lair:2:   dpeg_oklob_shooting_range
Lair:3:   minmay_swamp_entry_wisps, dummy_snake_entry, serial_bayou_crossing
Lair:4:   serial_bayou_pond_d, grunt_megastairs_2, uniq_nessos, uniq_nergalle
Lair:6:   wormcave, hangedman_lair_tendril_chambers, dpeg_slime_entry_corner
Swamp:1:  nicolae_swamp_treefoil, swamp_pool4
Swamp:2:  infiniplex_staircase_pool_2
Swamp:3:  evilmike_swamp_ruin_house_5, swamp_pool4,
          nicolae_swamp_alligator_family
Swamp:4:  swamp_basic_johnstein, swamp_pool5, nicolae_swamp_very_dense_foliage
Snake:1:  basic_altar, portal_ice_cave_entry_pillars_three, nrook_loot_triangle,
          grunt_ministairs_7, grunt_megastairs_3
Snake:2:  nicolae_cobra_stairs, uniq_aizul, uniq_saint_roka
Snake:3:  st_stairs_3
Snake:4:  snake_pit, serial_bayou_pond_a, grunt_ministairs_13,
          hangedman_snake_corridor_cut, basic_stair_grate_trap, minmay_shoptagon
Orc:1:    uniq_urug
Orc:2:    grunt_orc_tribal_feast, serial_shops, nicolae_shop_stone
Elf:1:    serial_shops, nicolae_shop_window_shopping, hangedman_elf_represent,
          hangedman_elven_ridges, st_stairs_12, moated_statue,
          grunt_ministairs_15, hangedman_feature_mirror, minivault_19
Elf:2:    lemuel_flamethrower_1, uniq_jorgrun
Elf:3:    minmay_elf_hall_four_x, grunt_megastairs_4
Vaults:1: vaults_room_fancy_cross, st_lines, nicolae_vaults_sealed_display,
          v_misc_11, grunt_vaults_focal, nicolae_vaults_border_crossing,
          hangedman_vaults_locks, nicolae_vaults_alarming, uniq_donald
Vaults:2: v_pattern_2, nicolae_vaults_network_quinsquares,
          nicolae_vaults_stairing_the_circle, grunt_vaults_hallway_short,
          serial_shops, shop
Vaults:3: nicolae_vaults_ninety_degrees, v_misc_25,
          nicolae_vaults_ring_of_whatevers, nicolae_vaults_diagonal_hallway_8,
          hangedman_vaults_restitches, vaults_mumra_bighexcomb,
          vaults_standard_mumra_x, dpeg_vaults_monster_box, vaults_room_grid,
          hangedman_vaults_slice, vaults_room_hallway,
          minmay_crypt_entry_necro_gods
Vaults:4: hangedman_vaults_hat, vaults_room_door_hall, nicolae_vaults_theta,
          hangedman_vaults_unwind, v_misc_22, hangedman_vaults_cutoff,
          ontoclasm_vaults_decontamination, grunt_vaults_diagonal,
          nicolae_vaults_network_periphery, ontoclasm_vaults_eye,
          vaults_room_pools, ontoclasm_vaults_tryst, st_quartered_hall,
          ontoclasm_vaults_idyll, uniq_jory
Depths:1: enter_ziggurat_a, serial_glass, glass_columns_a, glass_columns_b,
          glass_columns_b, glass_columns_c, glass_columns_c, glass_columns_b,
          lightli_too_deep, lemuel_round_altar, kennysheep_generic_room_6,
          firewood_loft
Depths:2: kennysheep_windowed_halls, hellmouth_1, roderic_st_hans_cross,
          serial_shops, shop, minmay_misc_feat_pillars, onia_ninara_cookie,
          infiniplex_staircase_zigzag_5, serial_bayou_shore_a
Depths:3: minmay_guarded_unrand_sceptre_of_torment, pf_dread_powers_of_hell,
          rand_demon_pan_entry_7, corexii_corridor_pit, spider_trap
Depths:4: evilmike_negative_zone, hangedman_abyss_or_decor_slice,
          abyss_entry_crystal, pf_coc_iceberg,
          infiniplex_staircase_spiral_double
Depths:5: grunt_zot_entry_funnels, hell_entry, serial_bayou_shore_b,
          spider_trap, eino_tiny_chamber, minmay_shop_grove
Zot:1:    door_vault
Abyss:1:  hangedman_decor_points
Abyss:2:  minivault_13, minivault_19
Lab:      nicolae_lab_grate, labyrinth_lava_lair, nicolae_lab_plus,
          labyrinth_skeletal_remains, nicolae_lab_stuck
Trove:    trove_garden
IceCv:    ice_cave_small_demon

Skill      XL: |  1  2  3  4  5  6  7  8  9 10 11 12 13 14 15 16 17 18 19 20 21 22 23 24 25 26 |
---------------+-------------------------------------------------------------------------------+-----
Unarmed Combat | 4 5 7 9 11 13 14 15 17 18 19 20 21 22 23 24 25 26 | 26.1
Throwing       | 3 5 7 9 10 11 12 13 14 15 16 17 18 | 18.0
Fighting       | 4 5 7 9 10 11 12 13 14 15 16 | 16.8
Armour         | 2 5 6 7 8 9 10 11 12 13 14 | 14.2
Shields        | 5 9 10 11 12 13 14 15 | 15.1
Dodging        | |  2.4

Action                   |  1- 3 |  4- 6 |  7- 9 | 10-12 | 13-15 | 16-18 | 19-21 | 22-24 | 25-27 || total
-------------------------+-------+-------+-------+-------+-------+-------+-------+-------+-------++-------
Melee: Unarmed           |    92 |    75 |   414 |   393 |  1107 |  1158 |  1377 |  1140 |   678 ||  6434
       Punch             |     1 |       |    13 |    20 |   104 |       |       |       |       ||   138
Throw: Tomahawk          |       |       |       |       |    33 |   104 |   230 |    53 |    37 ||   457
       Javelin           |       |       |       |       |    45 |    53 |    20 |    24 |     3 ||   145
       Large rock        |       |       |       |       |       |    10 |    26 |       |       ||    36
       Throwing net      |       |       |       |       |       |       |     3 |       |       ||     3
Invok: Berserk           |     1 |     2 |     9 |    14 |    11 |     6 |    10 |     7 |     4 ||    64
       Burn Spellbooks   |       |       |     1 |     1 |    10 |     5 |     1 |     3 |     5 ||    26
       Brothers in Arms  |       |       |       |     5 |     4 |     5 |     6 |     1 |       ||    21
       Trog's Hand       |       |       |       |     2 |     3 |     9 |     5 |     7 |     1 ||    27
Evoke: Wand              |       |       |       |     9 |    21 |    33 |       |       |       ||    63
  Use: Scroll            |       |       |     3 |    21 |    24 |    11 |     4 |     7 |     4 ||    74
       Potion            |       |       |       |     2 |     3 |     3 |     2 |     2 |       ||    12
 Stab: Sleeping          |     2 |       |     1 |     1 |       |       |       |       |       ||     4
       Distracted        |       |       |       |       |       |     1 |     1 |     1 |       ||     3
  Eat: Chunk             |    18 |     8 |    36 |    43 |   130 |    84 |    86 |    71 |    42 ||   518
       Fruit             |       |       |       |     2 |       |       |       |       |       ||     2
       Meat ration       |       |       |       |     1 |       |       |       |       |       ||     1
       Royal jelly       |       |       |       |       |       |     1 |       |       |       ||     1
Armor: Animal skin       |    31 |    11 |     1 |       |       |       |       |       |       ||    43
       Robe              |       |       |   150 |   112 |    34 |       |       |       |       ||   296
       Quicksilver drago |       |       |       |       |   469 |   326 |   297 |   274 |   118 ||  1484
       Skin              |       |       |       |       |    46 |       |       |       |       ||    46
Dodge: Dodged            |    59 |    31 |   229 |   135 |   373 |   203 |   181 |   129 |    83 ||  1423
Block: Shield            |       |       |       |       |   116 |   713 |       |       |       ||   829
       Large shield      |       |       |       |       |       |    66 |  1222 |   898 |   513 ||  2699
